 Dungeon Crawl Stone Soup version 0.30-a0-358-g0d69a1922f (webtiles) character file.

Game seed: 13463980363166844422

587 NinjaNoafa the Cutter (level 7, -4/56 HPs)
             Began as a Merfolk Gladiator on Nov 11, 2022.
             Killed from afar by an orc wizard (8 damage)
             ... with a puff of flame
             ... on level 4 of the Dungeon.
             The game lasted 00:06:11 (4979 turns).

NinjaNoafa the Cutter (Merfolk Gladiator)           Turns: 4979, Time: 00:06:12

Health: -4/56      AC:  5    Str: 14    XL:     7   Next: 38%
Magic:  7/7        EV: 15    Int:  8    God:
Gold:   179        SH:  0    Dex: 17    Spells: 6/6 levels left

rFire   . . .      SeeInvis +    l - +3 short sword
rCold   . . .      Faith    .    (no shield)
rNeg    . . .      Spirit   .    b - +0 leather armour
rPois   .          Reflect  .    c - +0 helmet
rElec   .          Harm     .    (no cloak)
rCorr   .          Rampage  .    r - +0 pair of gloves
Will    .....                    (no boots)
Stlth   +.........               (no amulet)
HPRegen 0.29/turn                n - ring of see invisible
MPRegen 0.10/turn                (no ring)

@: confused, brilliant, attractive
A: (nimble swimmer 2), mertail
a: no special abilities


You were on level 4 of the Dungeon.
You visited 1 branch of the dungeon, and saw 5 of its levels.

You collected 179 gold pieces.

Inventory:

Hand Weapons
 l - a +3 short sword (weapon)
Missiles
 d - 5 throwing nets (quivered)
 h - 64 stones
 o - 4 poisoned darts
Armour
 b - a +0 leather armour (worn)
 c - a +0 helmet (worn)
 r - a +0 pair of gloves (worn)
Jewellery
 n - a ring of see invisible (left hand)
Wands
 a - a wand of roots (4)
Scrolls
 f - a scroll of magic mapping {unknown}
 g - 3 scrolls of poison {unknown}
 j - 7 scrolls of identify {unknown}
 k - 2 scrolls of silence {unknown}
 m - a scroll of noise {unknown}
 p - a scroll of blinking {unknown}
Potions
 u - a potion of haste {unknown}


   Skills:
 * Level 5.0 Fighting
 - Level 7.0 Short Blades
 - Level 2.0 Throwing
 + Level 6.7 Dodging


You had 6 spell levels left.
You didn't know any spells.
Your spell library contained the following spells:

 Spells                   Type           Power      Damage    Failure   Level
 Necrotise                Necr           0%         1d4       50%         1
 Sublimation of Blood     Necr           0%         N/A       63%         2
 Dazzling Flash           Conj/Hex       0%         N/A       86%         3
 Vampiric Draining        Necr           0%         2d6       86%         3
 Iskenderun's Mystic Bla  Conj/Tloc      0%         2d3       99%         4
 Petrify                  Tmut/Erth      0%         N/A       99%         4
 Agony                    Necr           0%         N/A       100%        5
 Irradiate                Conj/Tmut      0%         3d11      100%        5
 Starburst                Conj/Fire      0%         6d3       100%        6


Dungeon Overview and Level Annotations

Branches:
Dungeon (5/15)
 Temple: D:4-7

Altars:
Sif Muna


Innate Abilities, Weirdness & Mutations

((You are very nimble when in or above water. (Stealth+, EV+, Speed+++)))
Your lower body shifts to a powerful aquatic tail in water.


Message History

The orc closely misses you.
You are too injured to fight recklessly!
Throw: javelin
Press: ? - help, Q - select action, (/) - cycle Shift-Dir - straight line, f/p - orc wizard
Aim: an orc wizard, wielding a +0 dagger and wearing a +0 robe (almost dead, slightly transparent, 56% to hit)
You throw a javelin.
The javelin closely misses the orc wizard.
The orc wizard casts a spell at you. The magic dart hits you!
* * * LOW HITPOINT WARNING * * *
The orc wizard hits you with a +0 dagger.
* * * LOW HITPOINT WARNING * * *
The orc closely misses you.
The orc wizard attacks as you move away!
The orc wizard hits you with a +0 dagger.
* * * LOW HITPOINT WARNING * * *
The orc wizard casts a spell at you. The magic dart hits you.
* * * LOW HITPOINT WARNING * * *
Okay, then.
The orc wizard is attracted toward you. The orc is attracted toward you.
The orc throws a boomerang.
The boomerang hits you.
* * * LOW HITPOINT WARNING * * *
The orc wizard is attracted toward you. The orc is attracted toward you.
The orc wizard is attracted toward you.
The orc wizard attacks as you move away!
The orc wizard hits you but does no damage.
The orc wizard is attracted toward you.
There is a stone staircase leading up here.
The orc wizard hits you but does no damage.
You climb upwards.
There is a stone staircase leading down here.
It was a potion of magic.
Magic courses through your body.
The orc wizard gestures at you while chanting.
You are confused.
It was a potion of brilliance.
You feel clever all of a sudden.
The orc wizard points at you and mumbles some strange words.
The puff of flame hits you!
You die...

......# #.# #♣~..§...#
......#######.# ♣.......♣
..............# #P.....P♣
..........##### #PP...P#♣
..........# ########.###PP♣
..........#####....###.....P♣
...................#♣P#...P#♣
......#########o...#♣P.#.P.#
.........#....#.@..##♣♣P..♣P#
......##.#.##.#.....# ♣♣.♣♣♣#
.......#.#..........######
##.###.#.#.#.##.......#
##.....#.#.#.##############
########.#.#.# #.........#
.............# #.....)...#
###..........####.........#
###.......................#


You could see an orc wizard (invisible).

Vanquished Creatures
  A kobold brigand (D:4)
  A phantom (D:4)
  A necrophage (D:5)
  A scorpion (D:3)
  2 orc priests (D:3)
  An orc wizard (D:4)
  6 gnolls (D:3)
  8 adders
  3 worms (D:2)
  2 dart slugs (D:3)
  8 orcs
  5 ball pythons
  12 endoplasms
  3 giant cockroaches
  8 goblins
  5 hobgoblins
  9 jackals
  3 quokkas
  3 bats
  2 frilled lizards (D:2)
  14 kobolds
  6 rats
104 creatures vanquished.

Vanquished Creatures (others)
  9 plants (D:4)
9 creatures vanquished.

Grand Total: 113 creatures vanquished

Notes
Turn   | Place    | Note
-------+----------+-------------------------------------------
     0 | D:1      | NinjaNoafa the Merfolk Gladiator began the quest for the
                  | Orb.
     0 | D:1      | Reached XP level 1. HP: 16/16 MP: 1/1
    82 | D:1      | Reached XP level 2. HP: 23/23 MP: 2/2
   132 | D:1      | Reached skill level 4 in Short Blades
   593 | D:1      | Reached XP level 3. HP: 16/28 MP: 3/3
  1369 | D:2      | Reached XP level 4. HP: 25/34 MP: 4/4
  1549 | D:2      | Reached skill level 5 in Short Blades
  1706 | D:2      | Found a shimmering blue altar of Sif Muna.
  2253 | D:3      | Reached skill level 5 in Dodging
  2259 | D:3      | Reached XP level 5. HP: 35/41 MP: 5/5
  3099 | D:3      | Reached skill level 6 in Short Blades
  3099 | D:3      | Reached XP level 6. HP: 41/48 MP: 6/6
  4162 | D:4      | Reached skill level 7 in Short Blades
  4162 | D:4      | Reached XP level 7. HP: 46/55 MP: 7/7
  4890 | D:5      | Entered Level 5 of the Dungeon
  4904 | D:5      | Reached skill level 5 in Fighting
  4979 | D:4      | Killed from afar by an orc wizard

Illustrated notes

Levels and vault maps discovered:
D:1:      amcnicky_arrival_blooded_trapdoor, layout_basic, grunt_decor_junction
D:2:      layout_basic, basic_altar
D:3:      layout_loops_corners, chequers_serial_rivers_small_b,
          amcnicky_mini_corridor_feature, chequers_serial_rivers_large_b,
          minmay_surrounded
D:4:      layout_basic, lexackson_kobold_supper
D:5:      layout_gridville, grunt_temple_overflow_holy_war, kennysheep_mini,
          mainiacjoe_overflow_catwalk, st_stairs_14, minmay_fountain_box,
          minmay_diced_spiral

Skill      XL: |  1  2  3  4  5  6  7 |
---------------+----------------------+-----
Short Blades   | 4 5 6 7 |  7.0
Fighting       | 3 4 5 |  5.0
Dodging        | 5 6 |  6.7
Throwing       | |  2.0

Action                   |  1- 3 |  4- 6 |  7- 9 || total
-------------------------+-------+-------+-------++-------
Melee: Rapier            |    97 |       |       ||    97
       Tailslap          |     2 |       |       ||     2
       Short sword       |    16 |   230 |    75 ||   321
       Punch             |     1 |       |     1 ||     2
Throw: Javelin           |     1 |    13 |     7 ||    21
  Use: Potion            |       |     1 |     4 ||     5
 Stab: Sleeping          |     1 |     2 |       ||     3
Armor: Leather armour    |    27 |    38 |    18 ||    83
Dodge: Dodged            |    79 |   143 |    71 ||   293

Table legend: (Time is in decaauts)
 A = Elapsed time spent in this place.
 B = Non-inter-level travel time spent in this place.
 C = Inter-level travel time spent in this place.
 D = Time resting spent in this place.
 E = Time spent auto-exploring this place.
 F = Levels seen in this place.
 G = Mean time per level.
                   A        B        C        D        E       F      G
               +--------+--------+--------+--------+--------+-----+--------+
         Total |   4850 |   4740 |    110 |      0 |   3845 |   5 |  970.0 |
       Dungeon |   4850 |   4740 |    110 |      0 |   3845 |   5 |  970.0 |
               +--------+--------+--------+--------+--------+-----+--------+

Top non-repeatable levels by time:
     D:3: 1514 daAuts
     D:4: 1174 daAuts
     D:1: 1041 daAuts
     D:2: 1038 daAuts
     D:5: 81 daAuts
